General information
- name: BNet
- type: Ladder team game (AT/RT)
- host: Battle.net
- saver: Defender
map: DragonFalls
- players: 8
- length: 53:58
- speed: Fast
- version: 1.26 W3XP
- replay type: Public
» download(309 KB)
Players
team 1 (winner)
BitterSeed (
teal | 61 APM | 2098 actions | 34:37)
7 Death Knight
3 Death Coil
3 Unholy Aura
1 Animate Dead
5 Lich
3 Frost Nova
2 Frost Armor
» actions
| Assign group hotkey | 24 | |
| Basic commands | 6 | |
| Build / train | 56 | |
| Enter build submenu | 15 | |
| Enter hero's abilities submenu | 12 | |
| Give item / drop item | 4 | |
| Remove unit from queue | 2 | |
| Right click | 1228 | |
| Select / deselect | 419 | |
| Select group hotkey | 222 | |
| Use ability | 110 | |
2098 total
» units
| Acolyte | 4 | |
| Ghoul | 2 | |
| Crypt Fiend | 8 | |
| Frost Wyrm | 8 | |
22 total
» upgrades
| Web | 1 | |
| Creature Attack | 1 | |
| Freezing Breath | 1 | |
| Creature Carapace | 2 | |
5 total
» buildings
| Crypt | 1 | |
| Graveyard | 1 | |
| Altar of Darkness | 1 | |
| Ziggurat | 7 | |
| Tomb of Relics | 1 | |
| Halls of the Dead | 1 | |
| Black Citadel | 2 | |
| Sacrificial Pit | 1 | |
| Nerubian Tower | 1 | |
| Boneyard | 2 | |
18 total
» build order
00:09 Crypt
00:13 Graveyard
00:42 Altar of Darkness
01:12 Ziggurat
01:28 Tomb of Relics
02:25 Ziggurat
03:50 Halls of the Dead
04:20 Ziggurat
06:11 Ziggurat
06:12 Ziggurat
06:36 Black Citadel
07:33 Sacrificial Pit
08:17 Nerubian Tower
09:16 Boneyard
09:17 Boneyard
11:07 Ziggurat
14:27 Ziggurat
» items
| Rod of Necromancy | 1 | |
| Scroll of Town Portal | 1 | |
| Orb of Corruption | 1 | |
| Dust of Appearance | 1 | |
| Potion of Healing | 3 | |
7 total

»
K1NG_ (
orange | 30 APM | 1637 actions | 53:58)
6 Beastmaster
3 Summon Bear
1 Summon Quilbeast
1 Summon Hawk
1 Stampede
1 Blood Mage
1 Flame Strike
» actions
| Assign group hotkey | 5 | |
| Basic commands | 4 | |
| Build / train | 87 | |
| Enter build submenu | 37 | |
| Enter hero's abilities submenu | 7 | |
| Give item / drop item | 1 | |
| Remove unit from queue | 3 | |
| Right click | 790 | |
| Select / deselect | 534 | |
| Select group hotkey | 74 | |
| Use ability | 92 | |
1637 total
» units
| Peasant | 16 | |
| Mortar Team | 9 | |
| Rifleman | 13 | |
38 total
» upgrades
| Masonry | 4 | |
| Lumber Harvesting | 2 | |
| Gunpowder | 3 | |
| Armor | 3 | |
| Flare | 1 | |
| Long Rifles | 1 | |
| Fragmentation Shards | 1 | |
| Barrage | 1 | |
16 total
» buildings
| Altar of Kings | 2 | |
| Farm | 10 | |
| Scout Tower | 10 | |
| Keep | 1 | |
| Arcane Tower | 1 | |
| Arcane Vault | 2 | |
| Lumber Mill | 1 | |
| Blacksmith | 1 | |
| Castle | 1 | |
| Workshop | 3 | |
| Barracks | 1 | |
| Gryphon Aviary | 1 | |
| Town Hall | 3 | |
| Guard Tower | 5 | |
42 total
» build order
00:07 Altar of Kings
00:09 Farm
00:49 Farm
01:29 Farm
02:05 Scout Tower
02:32 Scout Tower
03:07 Keep
03:09 Arcane Tower
03:13 Arcane Vault
04:01 Lumber Mill
04:20 Blacksmith
04:28 Farm
05:13 Farm
05:43 Castle
05:53 Workshop
06:07 Workshop
07:04 Barracks
07:48 Farm
07:53 Farm
17:17 Workshop
19:54 Gryphon Aviary
26:25 Town Hall
29:00 Town Hall
30:33 Scout Tower
30:40 Scout Tower
31:01 Guard Tower
31:04 Scout Tower
31:07 Guard Tower
31:12 Scout Tower
31:33 Guard Tower
31:36 Scout Tower
31:46 Guard Tower
31:52 Scout Tower
32:07 Arcane Vault
32:09 Guard Tower
32:13 Scout Tower
32:22 Scout Tower
39:11 Town Hall
43:54 Altar of Kings
43:57 Farm
44:01 Farm
44:04 Farm
» items
| Lesser Clarity Potion | 4 | |
| Scroll of Regeneration | 2 | |
| Scroll of Town Portal | 3 | |
| Orb of Fire | 2 | |
| Orb of Lightning | 1 | |
| Boots of Speed | 2 | |
14 total
ONSIDEKICK-FAIL (
purple | 57 APM | 3060 actions | 53:58)
8 Shadow Hunter
3 Hex
3 Healing Wave
1 Big Bad Voodoo
1 Serpent Ward
» actions
| Assign group hotkey | 53 | |
| Basic commands | 77 | |
| Build / train | 70 | |
| Enter build submenu | 35 | |
| Enter hero's abilities submenu | 8 | |
| Give item / drop item | 1 | |
| Remove unit from queue | 2 | |
| Right click | 1390 | |
| Select / deselect | 379 | |
| Select group hotkey | 871 | |
| Use ability | 174 | |
3060 total
» units
| Peon | 13 | |
| Grunt | 3 | |
| Goblin Shredder | 1 | |
| Wind Rider | 12 | |
| Green Drake | 1 | |
| Kodo Beast | 1 | |
| Goblin Zeppelin | 7 | |
38 total
» upgrades
| Reinforced Defenses | 1 | |
| Ranged Weapons | 2 | |
| Armor | 2 | |
| Envenomed Spears | 1 | |
6 total
» buildings
| Altar of Storms | 1 | |
| Orc Burrow | 8 | |
| Barracks | 1 | |
| Voodoo Lounge | 3 | |
| Stronghold | 3 | |
| Great Hall | 2 | |
| War Mill | 1 | |
| Fortress | 1 | |
| Beastiary | 5 | |
| Watch Tower | 46 | |
71 total
» build order
00:07 Altar of Storms
00:20 Orc Burrow
00:36 Barracks
01:24 Orc Burrow
01:57 Voodoo Lounge
02:54 Stronghold
02:54 Stronghold
03:48 Great Hall
04:14 War Mill
04:43 Orc Burrow
06:30 Fortress
06:33 Beastiary
07:34 Beastiary
07:35 Beastiary
07:46 Watch Tower
07:46 Watch Tower
07:50 Watch Tower
07:57 Watch Tower
07:57 Watch Tower
10:41 Beastiary
11:00 Orc Burrow
11:10 Watch Tower
11:10 Watch Tower
11:15 Watch Tower
11:16 Watch Tower
11:17 Watch Tower
11:17 Watch Tower
11:54 Watch Tower
11:55 Watch Tower
11:56 Watch Tower
12:41 Voodoo Lounge
13:31 Watch Tower
13:31 Watch Tower
13:34 Watch Tower
13:34 Watch Tower
14:12 Watch Tower
14:13 Watch Tower
15:24 Watch Tower
15:25 Watch Tower
16:15 Watch Tower
16:16 Watch Tower
16:17 Watch Tower
16:20 Watch Tower
17:03 Beastiary
17:04 Orc Burrow
18:21 Watch Tower
18:22 Watch Tower
18:22 Watch Tower
18:23 Watch Tower
18:24 Watch Tower
18:25 Watch Tower
18:25 Watch Tower
18:26 Watch Tower
20:11 Watch Tower
20:12 Watch Tower
20:12 Watch Tower
20:24 Watch Tower
21:30 Watch Tower
21:31 Watch Tower
21:31 Watch Tower
21:31 Watch Tower
21:47 Watch Tower
23:11 Great Hall
23:21 Voodoo Lounge
24:30 Watch Tower
26:06 Orc Burrow
27:21 Stronghold
31:31 Orc Burrow
31:31 Orc Burrow
» items
| Healing Salve | 2 | |
| Staff of Teleportation | 1 | |
| Scroll of Town Portal | 1 | |
| Potion of Mana | 1 | |
| Lesser Clarity Potion | 1 | |
| Tiny Great Hall | 1 | |
| Potion of Lesser Invulnerability | 1 | |
| Boots of Speed | 1 | |
| Potion of Invisibility | 1 | |
10 total
Socratesp (
pink | 54 APM | 1989 actions | 36:46)
4 Archmage
2 Blizzard
2 Brilliance Aura
3 Blood Mage
1 Banish
1 Siphon Mana
1 Flame Strike
» actions
| Assign group hotkey | 28 | |
| Basic commands | 5 | |
| Build / train | 85 | |
| Enter build submenu | 26 | |
| Enter hero's abilities submenu | 7 | |
| Remove unit from queue | 9 | |
| Right click | 895 | |
| Select / deselect | 356 | |
| Select group hotkey | 403 | |
| Use ability | 175 | |
1989 total
» units
| Peasant | 9 | |
| Sorceress | 8 | |
| Priest | 7 | |
| Spell Breaker | 6 | |
| Siege Engine | 3 | |
33 total
» upgrades
| Masonry | 2 | |
| Lumber Harvesting | 1 | |
| Magic Sentry | 1 | |
| Sorceress Training | 2 | |
| Priest Training | 2 | |
| Control Magic | 1 | |
| Gunpowder | 1 | |
| Plating | 1 | |
| Barrage | 1 | |
12 total
» buildings
| Altar of Kings | 1 | |
| Farm | 10 | |
| Arcane Vault | 1 | |
| Scout Tower | 12 | |
| Arcane Tower | 4 | |
| Lumber Mill | 3 | |
| Keep | 3 | |
| Arcane Sanctum | 2 | |
| Castle | 1 | |
| Blacksmith | 1 | |
| Guard Tower | 3 | |
| Workshop | 2 | |
| Town Hall | 1 | |
44 total
» build order
00:13 Altar of Kings
00:17 Farm
00:23 Arcane Vault
01:13 Scout Tower
01:54 Arcane Tower
01:55 Arcane Tower
02:22 Lumber Mill
03:13 Keep
03:13 Keep
03:13 Keep
03:19 Farm
03:21 Farm
03:22 Farm
03:24 Farm
03:25 Farm
04:27 Farm
04:38 Scout Tower
04:39 Scout Tower
04:41 Scout Tower
05:53 Arcane Sanctum
05:56 Arcane Sanctum
06:16 Arcane Tower
07:39 Arcane Tower
08:46 Lumber Mill
12:45 Castle
14:01 Blacksmith
14:05 Farm
14:07 Farm
14:13 Farm
14:17 Scout Tower
14:18 Scout Tower
14:27 Scout Tower
15:40 Guard Tower
16:09 Workshop
16:17 Workshop
16:39 Scout Tower
16:43 Scout Tower
17:23 Guard Tower
21:24 Lumber Mill
23:13 Town Hall
25:55 Scout Tower
25:58 Scout Tower
25:59 Scout Tower
27:02 Guard Tower
» items
| Scroll of Regeneration | 4 | |
| Lesser Clarity Potion | 1 | |
| Mechanical Critter | 2 | |
| Potion of Healing | 1 | |
| Scroll of Town Portal | 2 | |
10 total
team 2 (loser)
warkraft (
yellow | 51 APM | 2153 actions | 42:34)
7 Goblin Tinker
3 Pocket Factory
3 Engineering Upgrade
1 Robo-Goblin
» actions
| Assign group hotkey | 59 | |
| Basic commands | 32 | |
| Build / train | 83 | |
| Enter build submenu | 15 | |
| Enter hero's abilities submenu | 7 | |
| Give item / drop item | 14 | |
| Right click | 868 | |
| Select / deselect | 304 | |
| Select group hotkey | 577 | |
| Use ability | 191 | |
2153 total
» units
| Peon | 20 | |
| Grunt | 4 | |
| Raider | 7 | |
| Troll Batrider | 10 | |
41 total
» upgrades
| Ensnare | 1 | |
| Melee Weapons | 2 | |
| Pillage | 1 | |
| Armor | 2 | |
| Reinforced Defenses | 1 | |
| Liquid Fire | 1 | |
| Ranged Weapons | 2 | |
10 total
» buildings
| Barracks | 1 | |
| Orc Burrow | 5 | |
| Altar of Storms | 1 | |
| Voodoo Lounge | 2 | |
| Stronghold | 1 | |
| War Mill | 1 | |
| Great Hall | 2 | |
| Fortress | 1 | |
| Beastiary | 3 | |
17 total
» build order
00:59 Barracks
01:14 Orc Burrow
01:59 Altar of Storms
02:25 Orc Burrow
02:33 Voodoo Lounge
03:38 Stronghold
04:43 War Mill
05:20 Great Hall
06:25 Fortress
06:27 Beastiary
06:29 Beastiary
07:04 Orc Burrow
07:32 Beastiary
20:28 Orc Burrow
21:48 Great Hall
21:52 Orc Burrow
32:36 Voodoo Lounge
» items
| Healing Salve | 6 | |
| Boots of Speed | 1 | |
| Periapt of Vitality | 2 | |
| Scroll of Town Portal | 3 | |
| Lesser Clarity Potion | 2 | |
| Potion of Healing | 1 | |
| Orb of Lightning | 1 | |
| Staff of Teleportation | 1 | |
| Potion of Lesser Invulnerability | 2 | |
| Potion of Mana | 1 | |
20 total
FaiRy.TaiL (
red | 33 APM | 1756 actions | 53:58)
5 Archmage
2 Summon Water Elemental
3 Brilliance Aura
» actions
| Build / train | 76 | |
| ESC pressed | 3 | |
| Enter build submenu | 32 | |
| Enter hero's abilities submenu | 5 | |
| Remove unit from queue | 6 | |
| Right click | 818 | |
| Select / deselect | 733 | |
| Use ability | 83 | |
1756 total
» units
| Peasant | 19 | |
| Rifleman | 9 | |
| Siege Engine | 5 | |
| Mortar Team | 5 | |
| Spell Breaker | 2 | |
40 total
» upgrades
| Gunpowder | 3 | |
| Armor | 3 | |
| Long Rifles | 1 | |
| Lumber Harvesting | 1 | |
| Priest Training | 0 | |
| Sorceress Training | 0 | |
| Plating | 3 | |
| Flak Cannons | 0 | |
| Barrage | 1 | |
| Fragmentation Shards | 1 | |
| Flare | 1 | |
| Control Magic | 1 | |
15 total
» buildings
| Altar of Kings | 1 | |
| Farm | 20 | |
| Blacksmith | 1 | |
| Barracks | 1 | |
| Keep | 1 | |
| Arcane Vault | 1 | |
| Lumber Mill | 1 | |
| Castle | 1 | |
| Arcane Sanctum | 2 | |
| Workshop | 2 | |
| Town Hall | 2 | |
33 total
» build order
00:12 Altar of Kings
00:15 Farm
00:59 Blacksmith
01:56 Barracks
02:04 Farm
02:31 Farm
04:23 Farm
04:58 Farm
05:25 Keep
06:44 Arcane Vault
06:48 Lumber Mill
08:15 Castle
08:18 Farm
08:19 Farm
08:20 Farm
09:27 Arcane Sanctum
10:37 Arcane Sanctum
11:28 Farm
11:29 Farm
13:23 Workshop
13:26 Workshop
20:03 Farm
20:05 Farm
20:06 Farm
20:10 Farm
20:12 Farm
20:15 Farm
20:15 Farm
20:58 Farm
22:03 Farm
22:06 Farm
23:17 Town Hall
26:05 Town Hall
» items
| Scroll of Town Portal | 3 | |
| Scroll of Regeneration | 2 | |
| Staff of Teleportation | 1 | |
| Boots of Speed | 1 | |
| Potion of Lesser Invulnerability | 2 | |
| Periapt of Vitality | 1 | |
10 total
Defender (
blue | 48 APM | 2565 actions | 53:58)
10 Blademaster
3 Wind Walk
3 Critical Strike
1 Bladestorm
3 Mirror Image
» actions
| Assign group hotkey | 108 | |
| Basic commands | 87 | |
| Build / train | 101 | |
| Enter build submenu | 55 | |
| Enter hero's abilities submenu | 10 | |
| Give item / drop item | 16 | |
| Remove unit from queue | 3 | |
| Right click | 1232 | |
| Select / deselect | 444 | |
| Select group hotkey | 264 | |
| Use ability | 244 | |
2565 total
» units
| Peon | 10 | |
| Grunt | 4 | |
| Goblin Shredder | 1 | |
| Goblin Zeppelin | 2 | |
| Green Dragon | 7 | |
| Troll Batrider | 6 | |
| Green Drake | 2 | |
32 total
» upgrades
| Reinforced Defenses | 1 | |
| Ranged Weapons | 3 | |
| Armor | 2 | |
| Troll Regeneration | 1 | |
| Envenomed Spears | 1 | |
| Liquid Fire | 1 | |
| Ensnare | 1 | |
| Pillage | 1 | |
11 total
» buildings
| Orc Burrow | 9 | |
| Altar of Storms | 1 | |
| Barracks | 1 | |
| Voodoo Lounge | 4 | |
| Stronghold | 4 | |
| War Mill | 2 | |
| Great Hall | 3 | |
| Fortress | 1 | |
| Beastiary | 8 | |
| Watch Tower | 45 | |
78 total
» build order
00:12 Orc Burrow
00:52 Altar of Storms
00:54 Barracks
01:07 Orc Burrow
02:05 Voodoo Lounge
02:51 Stronghold
02:51 Stronghold
02:51 Stronghold
04:22 War Mill
04:23 Orc Burrow
04:47 Great Hall
06:42 Fortress
07:29 Beastiary
07:31 Beastiary
07:31 Beastiary
07:33 Beastiary
08:09 Watch Tower
08:10 Watch Tower
08:10 Watch Tower
08:17 War Mill
10:33 Watch Tower
10:34 Watch Tower
10:35 Watch Tower
10:36 Watch Tower
10:37 Watch Tower
10:39 Watch Tower
14:16 Watch Tower
14:17 Watch Tower
14:20 Watch Tower
19:40 Great Hall
19:46 Great Hall
19:50 Watch Tower
19:50 Watch Tower
19:51 Watch Tower
19:51 Watch Tower
19:52 Watch Tower
19:53 Watch Tower
19:53 Watch Tower
19:54 Watch Tower
21:31 Watch Tower
21:48 Voodoo Lounge
22:39 Voodoo Lounge
22:56 Watch Tower
22:57 Watch Tower
22:57 Watch Tower
23:00 Watch Tower
26:13 Watch Tower
26:13 Watch Tower
26:14 Watch Tower
26:15 Watch Tower
26:17 Watch Tower
26:17 Watch Tower
26:17 Watch Tower
26:18 Watch Tower
26:19 Watch Tower
26:20 Watch Tower
26:21 Watch Tower
26:21 Watch Tower
26:21 Watch Tower
26:22 Watch Tower
26:24 Watch Tower
26:24 Watch Tower
26:25 Watch Tower
26:26 Watch Tower
26:26 Watch Tower
28:40 Orc Burrow
28:42 Orc Burrow
29:40 Orc Burrow
31:17 Beastiary
31:18 Beastiary
31:19 Beastiary
31:19 Beastiary
31:23 Orc Burrow
31:26 Orc Burrow
31:27 Orc Burrow
37:48 Voodoo Lounge
» items
| Healing Salve | 9 | |
| Lesser Clarity Potion | 5 | |
| Boots of Speed | 1 | |
| Staff of Teleportation | 1 | |
| Scroll of Town Portal | 6 | |
| Potion of Mana | 4 | |
| Orb of Lightning | 1 | |
| Periapt of Vitality | 2 | |
| Potion of Lesser Invulnerability | 2 | |
| Potion of Healing | 7 | |
| Scroll of Healing | 1 | |
39 total

»
78704 (
green | 46 APM | 2121 actions | 45:53)
7 Archmage
3 Summon Water Elemental
3 Brilliance Aura
1 Mass Teleport
» actions
| Assign group hotkey | 43 | |
| Basic commands | 2 | |
| Build / train | 98 | |
| Enter build submenu | 32 | |
| Enter hero's abilities submenu | 7 | |
| Give item / drop item | 1 | |
| Remove unit from queue | 2 | |
| Right click | 579 | |
| Select / deselect | 357 | |
| Select group hotkey | 842 | |
| Use ability | 158 | |
2121 total
» units
| Peasant | 20 | |
| Rifleman | 18 | |
| Priest | 2 | |
| Sorceress | 6 | |
46 total
» upgrades
| Gunpowder | 3 | |
| Armor | 3 | |
| Masonry | 3 | |
| Long Rifles | 1 | |
| Lumber Harvesting | 2 | |
| Priest Training | 2 | |
| Sorceress Training | 2 | |
16 total
» buildings
| Altar of Kings | 6 | |
| Farm | 10 | |
| Scout Tower | 14 | |
| Barracks | 2 | |
| Blacksmith | 1 | |
| Arcane Tower | 3 | |
| Lumber Mill | 2 | |
| Arcane Vault | 2 | |
| Keep | 3 | |
| Town Hall | 2 | |
| Arcane Sanctum | 2 | |
| Guard Tower | 4 | |
| Castle | 2 | |
53 total
» build order
00:08 Altar of Kings
00:13 Farm
00:14 Farm
00:55 Scout Tower
01:33 Barracks
01:50 Blacksmith
02:07 Arcane Tower
02:20 Lumber Mill
02:29 Scout Tower
02:33 Farm
02:34 Farm
02:54 Arcane Vault
03:25 Arcane Tower
04:19 Keep
05:49 Farm
05:50 Farm
06:39 Town Hall
07:49 Scout Tower
07:50 Scout Tower
07:54 Scout Tower
07:55 Scout Tower
08:11 Arcane Sanctum
08:12 Arcane Sanctum
09:03 Guard Tower
09:06 Guard Tower
09:10 Scout Tower
10:18 Arcane Tower
10:26 Castle
12:33 Farm
12:33 Farm
21:12 Scout Tower
21:13 Scout Tower
21:14 Scout Tower
21:55 Guard Tower
26:42 Altar of Kings
32:12 Arcane Vault
33:21 Altar of Kings
34:01 Keep
34:24 Scout Tower
34:24 Scout Tower
34:25 Scout Tower
34:26 Scout Tower
34:40 Barracks
35:04 Lumber Mill
35:49 Guard Tower
36:35 Castle
38:20 Altar of Kings
38:40 Altar of Kings
39:39 Altar of Kings
40:19 Farm
40:44 Farm
41:37 Town Hall
44:56 Keep
» items
| Lesser Clarity Potion | 1 | |
| Mechanical Critter | 1 | |
| Scroll of Regeneration | 2 | |
| Scroll of Town Portal | 4 | |
| Orb of Fire | 1 | |
| Potion of Healing | 2 | |
| Potion of Lesser Invulnerability | 2 | |
| Boots of Speed | 1 | |
14 total
Chat log
(00:08 / Allies) FaiRy.TaiL: rush
(00:18 / Allies) Defender: I'm not
(00:18 / Allies) 78704: ok
(00:23 / Allies) 78704: guess not then
(00:39 / Allies) FaiRy.TaiL: then what
(00:42 / Allies) Defender: cc
(00:43 / All) ONSIDEKICK-FAIL: god damn those packers
(00:45 / All) ONSIDEKICK-FAIL: choking the lead
(00:47 / Allies) FaiRy.TaiL: units?
(00:59 / Allies) 78704: rifles casters
(01:03 / All) FaiRy.TaiL: fuck packers
(01:07 / All) ONSIDEKICK-FAIL: every team i root for can never get onside kicks
(01:09 / All) FaiRy.TaiL: giants
(01:23 / All) warkraft: beckam deserves better team
(01:33 / All) warkraft: and qb
(01:38 / All) FaiRy.TaiL: agree
(01:48 / All) FaiRy.TaiL: we talking about odel right?
(01:53 / All) warkraft: y
(01:58 / All) Defender: Patriots super bowl champs
(02:06 / All) BitterSeed: hockey > football anyways
(02:08 / All) FaiRy.TaiL: fuck them too
(02:18 / All) warkraft: i only like playoff hockey
(02:20 / All) Defender: Tom Terrific 4th super bowl ring
(02:22 / All) FaiRy.TaiL: giants always beat down patsies.
(02:27 / All) Defender: mere luck
(02:41 / All) FaiRy.TaiL: 2 superbowls multiple reg season games
(02:44 / All) FaiRy.TaiL: aint luck
(02:47 / All) Defender: Is luck
(03:00 / All) warkraft: giants are big game team
(03:05 / All) Defender: That catch in the first super bowl and scramble by Eli is luck
(03:24 / All) Defender: Patriots had like 5 opportunites to put game out of reach
(03:25 / All) warkraft: no
(04:05 / Allies) Defender: I ahd peon there already
(04:14 / Allies) warkraft: ok
(04:25 / All) FaiRy.TaiL: wait
(04:39 / All) FaiRy.TaiL: so they had 5 times to extend the league and g-men def stopped em thats luck?
(04:51 / All) ONSIDEKICK-FAIL: giants are lucky as shit
(04:59 / All) K1NG_: vikings
(05:13 / All) FaiRy.TaiL: vikings aint shit without peterson
(05:20 / All) Defender: The catch with tyree and scamble by eli wasn't luck?
(05:32 / All) K1NG_: true but they did alright without him
(05:50 / All) FaiRy.TaiL: tyree catch was not luck
(05:56 / All) Defender: enjoy that mana
(06:08 / Allies) warkraft: yeah
(06:30 / All) FaiRy.TaiL: it was lucky he pinned the ball down on 4th down against his helmet with 2 guys draped on his nuts
(06:36 / All) FaiRy.TaiL: i think not
(07:02 / All) Defender: also a pats cb dropped int
(07:08 / All) Defender: just before
(07:38 / All) FaiRy.TaiL: and on last drive pats receivers dropped open passes
(07:46 / All) FaiRy.TaiL: thats not luck
(07:50 / All) FaiRy.TaiL: thats called choke
(07:53 / All) Defender: K
(08:35 / Allies) FaiRy.TaiL: converge
(12:32 / All) warkraft: noob towers
(12:37 / Allies) FaiRy.TaiL: top
(12:38 / Allies) FaiRy.TaiL: hit again
(13:59 / Allies) FaiRy.TaiL: green leggo
(14:01 / All) BitterSeed: ouch yellow
(14:03 / All) BitterSeed: :(
(14:11 / Allies) FaiRy.TaiL: we need bats
(14:19 / Allies) warkraft: on it
(14:31 / Allies) FaiRy.TaiL: and some tauren maybe
(14:48 / Allies) FaiRy.TaiL: green
(14:51 / Allies) FaiRy.TaiL: lets go around?
(14:54 / Allies) 78704: k
(15:13 / Allies) FaiRy.TaiL: lol
(15:15 / Allies) FaiRy.TaiL: they scoutin us
(15:25 / Allies) FaiRy.TaiL: fuck
(15:56 / Allies) warkraft: who got dragon?
(15:58 / Allies) FaiRy.TaiL: yellow
(15:59 / Allies) FaiRy.TaiL: gold
(15:59 / Allies) Defender: me
(16:07 / Allies) FaiRy.TaiL: green build shop
(16:14 / Allies) 78704: already did
(16:22 / Allies) FaiRy.TaiL: where
(16:31 / Allies) FaiRy.TaiL: oh
(16:32 / Allies) FaiRy.TaiL: k
(16:38 / Allies) warkraft: i wanted that fucking dragon
(16:51 / Allies) Defender: I had zep there for like 10 mins
(16:51 / Allies) FaiRy.TaiL: i need gold
(17:03 / Allies) FaiRy.TaiL: holy shit all we got is aa
(17:06 / Allies) FaiRy.TaiL: one of u get tauren
(17:43 / Allies) FaiRy.TaiL: dont get webbed
(17:45 / Allies) warkraft: suck me out
(17:47 / Allies) warkraft: *him
(17:56 / Allies) warkraft: b
(18:00 / Allies) warkraft: b
(18:01 / Allies) warkraft: wtf
(18:07 / Allies) warkraft: retard
(18:10 / Allies) Defender: lawl
(18:13 / Allies) Defender: wtf are you doing?
(18:15 / Allies) Defender: you ran away
(18:23 / All) Defender: auto cast web is gay
(18:26 / Allies) warkraft: u bad with bats son
(18:29 / Allies) Defender: Yeah k
(18:34 / Allies) FaiRy.TaiL: i said not to get webbed
(18:35 / Allies) Defender: You're the dumb bitch that ran away
(18:37 / Allies) Defender: when I aws neare you
(19:05 / Allies) warkraft: comign red
(21:05 / Allies) warkraft: wood
(21:18 / Allies) FaiRy.TaiL: gold
(21:21 / Allies) warkraft: blue
(21:23 / Allies) warkraft: stop feeding
(21:35 / Allies) Defender: how am I feeding
(21:37 / Allies) Defender: they don't get exp from bats
(21:39 / All) BitterSeed: oh you shpould have died
(21:42 / All) BitterSeed: i got you on that
(21:50 / Allies) FaiRy.TaiL: i can use some gold
(22:08 / All) BitterSeed: that coil hit you didnt it
(22:11 / All) BitterSeed: but you were invis
(22:13 / All) BitterSeed: so it didnt kill
(22:16 / Allies) warkraft: heal fucking bm
(22:17 / Allies) warkraft: jesus
(22:21 / All) Defender: not sure
(22:22 / All) FaiRy.TaiL: correct sir
(22:28 / Allies) warkraft: heal bm
(22:32 / Allies) Defender: I was waiting for shop to build
(22:59 / Allies) FaiRy.TaiL: green
(23:02 / Allies) FaiRy.TaiL: u gotta get polymorph
(23:20 / Allies) 78704: ive been using it all game
(25:07 / Allies) FaiRy.TaiL: well
(25:17 / Allies) 78704: we're fucked
(25:20 / Allies) FaiRy.TaiL: blue can i have some of ur 6k
(25:28 / Allies) 78704: wow no wonder we lost
(25:33 / Allies) FaiRy.TaiL: not that it matters now
(25:35 / Allies) warkraft: told u
(25:41 / Allies) 78704: fucking noob gold horder
(25:46 / Allies) Defender: Well I would have tped but it was just you 2
(26:44 / Allies) warkraft: teal's main is gone
(26:47 / Allies) warkraft: so focus his units
(27:57 / Allies) FaiRy.TaiL: b
(28:22 / All) warkraft: lag hack
(29:07 / Allies) warkraft: fuck you
(29:10 / Allies) FaiRy.TaiL: tp ur base fool
(29:11 / Allies) FaiRy.TaiL: he alove
(29:13 / Allies) FaiRy.TaiL: alone
(29:15 / All) ONSIDEKICK-FAIL: LOL
(29:24 / All) warkraft: with teammates like this...
(29:36 / All) BitterSeed: yellow you didnt play well
(29:36 / Allies) warkraft: 200 g
(29:39 / All) BitterSeed: you usually do
(29:40 / All) BitterSeed: but
(29:45 / Allies) warkraft: 300 g
(29:51 / All) warkraft: blue had 7k
(30:31 / All) Defender: HEALP
(30:32 / All) Defender: HEALP
(30:34 / All) Defender: HEALP
(30:51 / Allies) FaiRy.TaiL: b
(30:52 / Allies) FaiRy.TaiL: use towers
(30:53 / Allies) warkraft: wtf
(31:04 / Allies) FaiRy.TaiL: bad
(32:52 / Allies) 78704: 6k gold and u cant build a fucking shop
(33:49 / All) BitterSeed: lol purple just tk's us
(33:56 / All) BitterSeed: gg
(34:07 / All) Socratesp: pur stop
(34:46 / All) Socratesp: whelp gg
(34:51 / All) Defender: gg I was mvp
(34:58 / All) Socratesp: purple waste of time and life
(35:18 / Allies) FaiRy.TaiL: shit
(35:23 / Allies) FaiRy.TaiL: help me revive hero
(35:24 / All) warkraft: what happened
(35:32 / All) ONSIDEKICK-FAIL: a benedict arnold happened
(35:36 / Allies) FaiRy.TaiL: 1k and control plz?
(35:44 / All) Socratesp: wasting everyones f*king time
(35:53 / All) ONSIDEKICK-FAIL: i could not tell who was winnning this fock
(36:04 / All) warkraft: blue just tked me
(36:04 / All) ONSIDEKICK-FAIL: the secret is out shall we tell them
(36:06 / All) warkraft: fucker
(36:12 / Allies) FaiRy.TaiL: lol
(36:13 / All) Defender: No I didn't you're paranoid
(36:18 / All) Socratesp: we dont care dumb@ss
(36:19 / All) Defender: put on that tin foil hat
(36:25 / All) Socratesp: your a waste of life
(37:09 / Allies) FaiRy.TaiL: so whos gonna win this
(37:56 / All) ONSIDEKICK-FAIL: this was such a hard game to tell who was ahead
(38:05 / All) ONSIDEKICK-FAIL: my team had no freaking expos
(38:12 / All) ONSIDEKICK-FAIL: and i layed off hitting ur team
(38:47 / All) Defender: I am the dragon wrangler
(38:59 / All) ONSIDEKICK-FAIL: so yellow was getting pissed eh
(39:12 / All) Defender: He seems like a negative nancy
(39:27 / All) warkraft: stop talkikng about me shitheads
(39:35 / All) Defender: see he's a real jerk
(39:43 / All) ONSIDEKICK-FAIL: arrogant bastard
(39:54 / All) warkraft: learn how to respect the top 40
(40:01 / All) ONSIDEKICK-FAIL: lawl
(40:05 / All) Defender: lel 224-263
(40:34 / All) ONSIDEKICK-FAIL: i swear to god teal was ignorant this game never coiled yellows tinker
(41:29 / All) ONSIDEKICK-FAIL: run boy run
(41:37 / All) Defender: RUN BOY RUN
(41:42 / All) Defender: THEY'RE TRYING TO FIND YOU
(41:45 / All) Defender: RUN BOY RUN, THEY'
(41:48 / All) Defender: RE TRYING TO STOP YOU
(41:54 / All) Defender: good song by woodkid
(42:10 / All) ONSIDEKICK-FAIL: lawl
(42:14 / All) ONSIDEKICK-FAIL: oj #1
(42:29 / All) warkraft: pieces of shit
(42:31 / All) ONSIDEKICK-FAIL: shall we put these gentlemen into a mexican standoff
(42:42 / All) Defender: I think so
(42:43 / All) K1NG_: ohh yeeah
(42:53 / All) ONSIDEKICK-FAIL: i think orange is willing to leave this computer on all night
(42:57 / All) ONSIDEKICK-FAIL: not sure about red green
(43:13 / All) Defender: RUN BOY RUN THE SUN WILL BE GUIDING YOU
(43:16 / All) Defender: THEY'RE TRYING TO STOP YOU
(43:22 / All) ONSIDEKICK-FAIL: scary dragon army
(43:25 / All) Defender: RUN BOY RUN BREAK OUT FROM SOCIETY
(43:33 / All) Defender: yellow was mad I got dragons lel
(43:47 / All) ONSIDEKICK-FAIL: remember that time u and rod did a battle of 100 food copters vs 100 dragons and i voo doo'd right by ur fight
(44:05 / All) Defender: wasn't it gargs
(44:08 / All) Defender: I told him gargs would win
(44:21 / All) ONSIDEKICK-FAIL: the point is, i ruined it
(44:25 / All) ONSIDEKICK-FAIL: wuts the nfl score
(44:29 / All) Defender: it was pretty much over anyway
(44:52 / All) ONSIDEKICK-FAIL: bad boy green
(45:50 / All) ONSIDEKICK-FAIL: bad boy green
(46:02 / All) ONSIDEKICK-FAIL: red vs green for the championship?
(46:16 / All) Defender: CHAMPIONSHIP!
(46:16 / All) ONSIDEKICK-FAIL: oj i mean
(46:22 / All) Defender: Red is a giants fan
(47:31 / All) ONSIDEKICK-FAIL: orange
(47:38 / All) ONSIDEKICK-FAIL: would u be willing to leave wc3 on all night
(47:44 / All) ONSIDEKICK-FAIL: for the win
(47:49 / All) Defender: he will be rewarded for his dedication
(47:55 / All) ONSIDEKICK-FAIL: oj said yes
(48:03 / All) ONSIDEKICK-FAIL: we wont ask red
(48:40 / All) ONSIDEKICK-FAIL: ill leave oj some zepplins
(49:50 / All) Defender: yellow 1 food somewhere
(50:01 / All) ONSIDEKICK-FAIL: i did kill a peon up top rihgt
(50:24 / All) Defender: oh I killed my burrows before getting last dragon
(50:33 / All) Defender: whoops
(50:36 / All) ONSIDEKICK-FAIL: owned
(50:41 / All) ONSIDEKICK-FAIL: did u find his peon
(50:45 / All) Defender: nope
(51:03 / All) Defender: yes
(51:13 / All) Defender: nope
(51:14 / All) Defender: that's a frog
(51:15 / All) ONSIDEKICK-FAIL: army duel
(51:21 / All) Defender: k found it
(51:58 / All) ONSIDEKICK-FAIL: die whoreeeeee
(52:03 / All) ONSIDEKICK-FAIL: fail micro
(52:14 / All) ONSIDEKICK-FAIL: let me make sure we have 0 food
(52:32 / All) ONSIDEKICK-FAIL: well oj
(52:36 / All) ONSIDEKICK-FAIL: me and blue are gonna leave the game
(52:43 / All) ONSIDEKICK-FAIL: u and red will duke it out
(52:48 / All) ONSIDEKICK-FAIL: the battle of best internet connections
(53:03 / All) ONSIDEKICK-FAIL: u get to attack with 10 zepplins
(53:19 / All) ONSIDEKICK-FAIL: buy some zepps for red
(53:34 / All) ONSIDEKICK-FAIL: yes im ready
(53:43 / All) ONSIDEKICK-FAIL: if game is still on ill whisper u oj and red
(53:45 / All) ONSIDEKICK-FAIL: tomorrow morning
(53:55 / All) Defender: Good luck gentlemen